 Dungeon Crawl Stone Soup version 0.28-a0-1182-g381e24db82 (webtiles) character file.

Game seed: 11579842193995334086

23 spaghetti the Shield-Bearer (level 2, -2/25 HPs)
             Began as a Demigod Fighter on Dec 16, 2021.
             Slain by a water moccasin (5 damage)
             ... on level 4 of the Dungeon.
             The game lasted 00:02:09 (1296 turns).

spaghetti the Shield-Bearer (Demigod Fighter)       Turns: 1296, Time: 00:02:09

Health: -2/25      AC: 12    Str: 17    XL:     2   Next: 54%
Magic:  4/4        EV:  9    Int: 10    God:
Gold:   56         SH:  4    Dex: 13    Spells: 1/1 levels left

rFire   . . .      SeeInvis .     - Unarmed
rCold   . . .      Faith    .   b - +0 buckler
rNeg    . . .      Spirit   .   a - +0 scale mail
rPois   .          Reflect  .   k - +0 helmet
rElec   .          Harm     .   f - +2 cloak {rCorr}
rCorr   +          Rampage  .   g - +0 pair of gloves
Will    .....                   (no boots)
Stlth   ..........              (no amulet)
HPRegen 0.08/turn               (no ring)
MPRegen 0.09/turn               (no ring)

@: mighty, lethally poisoned (-2 -> -15)
A: high mp 1, forlorn, divine attributes, claws 1, sense surroundings 1,
MP-powered wands
a: no special abilities


You were on level 4 of the Dungeon.
You visited 1 branch of the dungeon, and saw 4 of its levels.

You collected 56 gold pieces.


Innate Abilities, Weirdness & Mutations

You have an increased reservoir of magic. (+10% MP)
You shall have no god before yourself.
Your divine heritage dramatically boosts your attributes as you level up.
You have sharp fingernails.
You passively map a small area around you.
You expend magic power (3 MP) to strengthen your wands.


   Skills:
 - Level 2.6 Fighting
 + Level 0.0 Throwing
 - Level 2.6 Armour
 + Level 3.2 Shields
 + Level 2.4 Unarmed Combat


You had one spell level left.
You didn't know any spells.
Your spell library was empty.

Inventory:

Hand Weapons
 d - a +0 short sword {short}
   (You took it off a kobold on level 1 of the Dungeon)
 h - a +0 club {mace}
   (You took it off a goblin on level 1 of the Dungeon)
 i - a +0 whip {mace}
   (You found it on level 1 of the Dungeon)
 m - a +0 mace {mace}
   (You found it on level 1 of the Dungeon)
Missiles
 e - a stone (quivered) {throwing}
 j - 4 silver javelins {throwing}
 l - 16 sling bullets
Armour
 a - a +0 scale mail (worn)
 b - a +0 buckler (worn)
 f - a +2 cloak of preservation (worn)
   (You found it on level 1 of the Dungeon)
 g - a +0 pair of gloves (worn)
   (You found it on level 1 of the Dungeon)
 k - a +0 helmet (worn)
   (You found it on level 1 of the Dungeon)

Dungeon Overview and Level Annotations

Branches:
Dungeon (5/15)             Temple (0/1) D:4

##.#8...8#
* ,
#..#.....#
* ,
#..#..>..#
, ,,#.....#
, , , ,
#.⌠.⌠.# , *
#.....# ,
#.⌠.⌠.# #
#.....#....
* ,
#.S@..#l#,
, ** *
#.....#.# ,
, #8...8###
####### * ,
, ,, , * ,
* , * , , ,
, , * **


You could see a water moccasin and an iguana.


Message History

You fall into a shaft and drop 2 floors!
The shaft crumbles and collapses.
The iguana hisses angrily.
Found a sedimented purple potion.
Found a stone staircase leading down and a staircase to the Ecumenical Temple.
No reachable target in view!
You can't go up here!
No reachable target in view!
There is a fountain of clear blue water here.
There is a fountain of clear blue water here.
n - a sedimented purple potion
(D) Dungeon (T) Temple
Where to? (Enter - D:2, ? - help)
There is a fountain of clear blue water here.
There is a stone staircase leading down here.
You climb downwards.
There is a stone staircase leading up here.
Unknown command.
You now have 56 gold pieces (gained 5).
A water moccasin and an orc come into view.
Found 15 gold pieces.
Found an escape hatch in the ceiling.
The water moccasin hisses angrily.
The orc shouts!
An orc wizard comes into view. It is wielding a +0 dagger.
An orc comes into view. It is wielding a +0 club.
You aren't carrying any scrolls.
Unknown command.
Unknown command.
The water moccasin bites you. 😕 HP[-4]
You take 4 damage, and now have 21/25 hp.
The water moccasin barely misses you. The water moccasin bites you. 😮 HP[-4]
You take 4 damage, and now have 17/25 hp.
There is a stone staircase leading up here. 😮 HP[+1]
The water moccasin bites you but does no damage.
The water moccasin bites you.
You climb upwards.
There is a stone staircase leading down here. 😮 HP[-3]
You take 3 damage, and now have 15/25 hp.
Unknown command.
You are too injured to fight recklessly!
You are too injured to fight recklessly!
You are too injured to fight recklessly!
You are too injured to fight recklessly!
You are too injured to fight recklessly!
You are too injured to fight recklessly!
You are too injured to fight recklessly!
You are too injured to fight recklessly!
You are too injured to fight recklessly!
You are too injured to fight recklessly!
You are too injured to fight recklessly!
You are too injured to fight recklessly!
You are too injured to fight recklessly!
You are too injured to fight recklessly!
You are too injured to fight recklessly!
You are too injured to fight recklessly!
You are too injured to fight recklessly!
You are too injured to fight recklessly!
You are too injured to fight recklessly!
It was a potion of mutation.
You feel extremely strange.
Your fingernails lengthen.
You feel your magical essence link to the dungeon's wands.
You feel a strange attunement to the structure of the dungeons.
The water moccasin bites you but does no damage.
Unknown command.
Okay, then.
You feel very mighty all of a sudden.
The water moccasin bites you but does no damage.
The water moccasin barely misses you.
You barely miss the water moccasin. The water moccasin bites you. 😮 HP[-2]
You take 2 damage, and now have 13/25 hp.
You punch the water moccasin!
The water moccasin bites you but does no damage.
You barely miss the water moccasin. The water moccasin barely misses you.
You hit the water moccasin. The water moccasin closely misses you.
The water moccasin bites you but does no damage.
You closely miss the water moccasin. The water moccasin bites you.
* * * LOW HITPOINT WARNING * * *
You are lethally poisoned!
The water moccasin poisons you! 😨 HP[-6]
You take 6 damage, and now have 7/25 hp.
MASSIVE DAMAGE!! (PAUSE)
You aren't carrying any potions.
You are mighty.
You are lethally poisoned (7 -> -10).
Your movement speed is average.
Your attack delay is about 0.9.
Unknown command.
You aren't carrying any potions.
You aren't carrying any scrolls.
Unknown command.
You barely miss the water moccasin.
* * * LOW HITPOINT WARNING * * *
You feel very sick. The water moccasin bites you.
You die...

Skill      XL: |  1 |
---------------+----+-----
Unarmed Combat | 2 |  2.4
Shields        | 3 |  3.2
Fighting       | |  2.6
Armour         | |  2.6

Action                   || total
-------------------------++-------
Melee: Unarmed           ||   105
  Use: Potion            ||     2
       Scroll            ||     1
Armor: Scale mail        ||    48
Dodge: Dodged            ||    60
Block: Buckler           ||     9

Levels and vault maps discovered:
D:1:      pf_arrival_petrified_forest, layout_basic, basic_ecumenical_altar,
          minmay_lizard_king
D:2:      layout_rooms, amcnicky_mini_rare_corridor_liquid, uniq_robin
D:4:      layout_layer_cave, mainiacjoe_overflow_surrounded_room,
          minmay_temple_entry_from_below_b, gammafunk_ghost_stat_death,
          nicolae_elemental_shop
D:5:      layout_basic

Notes
Turn   | Place    | Note
-------+----------+-------------------------------------------
     0 | D:1      | spaghetti the Demigod Fighter began the quest for the Orb.
     0 | D:1      | Reached XP level 1. HP: 18/18 MP: 3/3
     0 | D:1      | magus.rc [v1.9.6]
   343 | D:1      | Reached skill level 2 in Unarmed Combat
   351 | D:1      | Reached skill level 3 in Shields
   380 | D:1      | HP: 4/18 [frilled lizard (1)]
   382 | D:1      | Reached XP level 2. HP: 6/25 MP: 4/4
  1236 | D:2      | Noticed a black bear
  1236 | D:2      | You fall into a shaft and drop 2 floors!
  1236 | D:4      | Found a staircase to the Ecumenical Temple.
  1248 | D:5      | Entered Level 5 of the Dungeon
  1269 | D:5      | Noticed a water moccasin
  1289 | D:4      | Gained mutation: You have sharp fingernails. [potion of
                  | mutation]
  1289 | D:4      | Gained mutation: You expend magic power (3 MP) to
                  | strengthen your wands. [potion of mutation]
  1289 | D:4      | Gained mutation: You passively map a small area around you.
                  | [potion of mutation]
  1296 | D:4      | HP: 3/25 [poisoned by a water moccasin]
  1296 | D:4      | Slain by a water moccasin

Vanquished Creatures
  A dart slug (D:1)
  2 ball pythons (D:1)
  2 endoplasms (D:1)
  A giant cockroach (D:1)
  A quokka (D:1)
  12 frilled lizards (D:1)
  A goblin (D:1)
  A kobold (D:1)
  3 rats (D:1)
24 creatures vanquished.

Vanquished Creatures (others)
  5 plants (D:1)
5 creatures vanquished.

Grand Total: 29 creatures vanquished

Table legend:
 A = Non-vault XP
 B = Vault XP
 C = Vault XP percentage of total XP
 D = Non-vault monster count
 E = Vault monster count
 F = Vault count percentage of total count
                 A         B        C        D         E       F
            +---------+---------+-------+---------+---------+-------
      Total |      22 |      11 |  33.3 |      13 |      11 |  45.8
            +---------+---------+-------+---------+---------+-------
        D:1 |      22 |      11 |  33.3 |      13 |      11 |  45.8
            +---------+---------+-------+---------+---------+-------

Illustrated notes

Table legend:
 A = Kills in this place as a percentage of kills in entire the game.
 B = Kills by you in this place as a percentage of kills by you in the entire game.
 C = Kills by friends in this place as a percentage of kills by friends in the entire game.
 D = Other kills in this place as a percentage of other kills in the entire game.
 E = Experience gained in this place as a percentage of experience gained in the entire game.
 F = Experience gained in this place divided by the number of levels of this place that you have seen.
                   A       B       C       D       E      F
               +-------+-------+-------+-------+-------+----------------------
         Total | 100.0 | 100.0 |   N/A |   N/A | 100.0 |   8.2
       Dungeon | 100.0 | 100.0 |   N/A |   N/A | 100.0 |   8.2
               +-------+-------+-------+-------+-------+----------------------

Table legend: (Time is in decaauts)
 A = Elapsed time spent in this place.
 B = Non-inter-level travel time spent in this place.
 C = Inter-level travel time spent in this place.
 D = Time resting spent in this place.
 E = Time spent auto-exploring this place.
 F = Levels seen in this place.
 G = Mean time per level.
                   A        B        C        D        E       F      G
               +--------+--------+--------+--------+--------+-----+--------+
         Total |   1293 |   1276 |     17 |    411 |    626 |   4 |  323.2 |
       Dungeon |   1293 |   1276 |     17 |    411 |    626 |   4 |  323.2 |
               +--------+--------+--------+--------+--------+-----+--------+

Top non-repeatable levels by time:
     D:1: 1228 daAuts
     D:5: 39 daAuts
     D:4: 20 daAuts
     D:2: 5 daAuts
